 Dungeon Crawl Stone Soup version 0.18.1-48-g4cf74bf (webtiles) character file.

106 Krovax444 the Caller (level 4, -4/25 HPs)
             Began as a Tengu Summoner on July 5, 2016.
             Slain by Grinder (5 damage)
             ... on level 3 of the Dungeon.
             The game lasted 00:32:01 (2776 turns).

Krovax444 the Caller (Tengu Summoner)               Turns: 2776, Time: 00:32:01

Health: -4/25      AC:  8    Str:  8    XL:     4   Next: 84%
Magic:  3/8        EV: 14    Int: 15    God:
Gold:   86         SH:  0    Dex: 16    Spells: 2 memorised, 5 levels left

rFire  + . .     SeeInvis .     e - +0 spear
rCold  . . .     Gourm    .     a - +0 robe
rNeg   . . .     Faith    .     (no shield)
rPois  .         Spirit   .     f - +2 hat
rElec  .         Dismiss  .     y - +0 cloak
rCorr  .         Reflect  .     v - +0 pair of gloves
SustAt .         Harm     .     (boots unavailable)
MR     .....                    (no amulet)
Stlth  ++........               p - ring of protection from fire
                                u - +2 ring of protection

@: not resistant to hostile enchantments, unstealthy
A: beak, talons 3
a: no special abilities


You were on level 3 of the Dungeon.
You were not hungry.

You visited 1 branch of the dungeon, and saw 3 of its levels.

You collected 86 gold pieces.

Inventory:

Hand Weapons
 e - a +0 spear (weapon)
 i - a +0 dagger of venom
Missiles
 j - a throwing net (quivered)
Armour
 a - a +0 robe (worn)
 f - a +2 hat (worn)
 k - a +1 helmet
 v - a +0 pair of gloves (worn)
 y - a +0 cloak (worn)
Jewellery
 g - a cursed -2 ring of dexterity
 p - a ring of protection from fire (right hand)
 u - a +2 ring of protection (left hand)
Scrolls
 d - 2 scrolls of teleportation
 q - a scroll of random uselessness
 s - a scroll of immolation
Potions
 l - a potion of haste {unknown}
 m - 3 potions of curing {unknown}
 r - a potion of heal wounds {unknown}
 t - a potion of might {unknown}
 w - a potion of flight {unknown}
Books
 b - a book of Callings

   Spells                             Type                      Level
   a - Summon Small Mammal            Summoning                    1
   b - Call Imp                       Summoning                    2
   c - Call Canine Familiar           Summoning                    3
   d - Summon Guardian Golem          Hexes/Summoning              3
   e - Summon Lightning Spire         Summoning/Air                4
   f - Summon Ice Beast               Ice/Summoning                4
 n - a book of Fire

   Spells                             Type                      Level
   a - Ignite Poison                  Fire/Transmutation/Poison    3
   b - Fireball                       Conjuration/Fire             5
   c - Bolt of Fire                   Conjuration/Fire             6
   d - Delayed Fireball               Conjuration/Fire             7
   e - Ring of Flames                 Charms/Fire                  7
Comestibles
 c - a bread ration


   Skills:
 * Level 1.6 Fighting
 * Level 0.9 Polearms
 * Level 3.5 Dodging
 + Level 2.4 Stealth
 + Level 2.5 Spellcasting
 - Level 5.2 Summonings


You had 5 spell levels left.
You knew the following spells:

 Your Spells              Type           Power        Failure   Level  Hunger
a - Summon Small Mammal   Summ           ###.         2%          1    #......
b - Call Imp              Summ           ###.....     4%          2    ###....


Dungeon Overview and Level Annotations

Branches:
Dungeon (3/15)

Altars:
Dithmenos
Qazlal
Vehumet
Yredelemnul

Annotations:
D:3 Grinder


Innate Abilities, Weirdness & Mutations

You have a beak for a mouth.
You have claws for feet.


Message History

Press: ? - help, Dir - move target cursor, f/p - Grinder
Aim: Grinder (moderately wounded)
You reach to attack!
You hit Grinder.
Grinder is moderately wounded.
Grinder barely misses you.
Your crimson imp blinks!
Your white imp gestures at Grinder.
The puff of frost hits Grinder.
Grinder completely resists.
You hit Grinder. You claw Grinder, but do no damage.
Grinder is moderately wounded.
Grinder hits you!
You writhe in agony.
Your iron imp barely misses Grinder.
Grinder hits you.
You writhe in agony.
* * * LOW HITPOINT WARNING * * *
Your iron imp hits Grinder!
Your white imp hits Grinder.
Your white imp freezes Grinder.
Grinder resists.
Grinder hits you.
* * * LOW HITPOINT WARNING * * *
You writhe in agony.
You die...

########## #......5.#
.####.....55.##
...........@.<# #
.####.....5.)##### #
####.......['...# #
............###.###########
###......)..# #............
#......[..###############
#.##..............
...................
###.####.###########


You could see Grinder, a friendly iron imp, a friendly crimson imp and a
friendly white imp.

Vanquished Creatures
  Crazy Yiuf (D:2)
  A gnoll (D:3)
  A worm (D:3)
  A dart slug (D:2)
  2 giant geckos
  An orc (D:3)
  A giant cockroach (D:1)
  7 goblins
  3 hobgoblins
  A quokka (D:3)
  5 bats
  3 giant newts
  8 rats
35 creatures vanquished.

Vanquished Creatures (collateral kills)
  Ijyb (D:2)
  2 gnolls (D:3)
  A dart slug (D:1)
  A giant gecko (D:2)
  A goblin (D:1)
  2 hobgoblins
  A giant newt (D:1)
  2 kobolds (D:1)
  A rat (D:2)
  A fungus (D:2)
13 creatures vanquished.

Vanquished Creatures (others)
  4 toadstools (D:1)
4 creatures vanquished.

Grand Total: 52 creatures vanquished

Notes
Turn   | Place    | Note
--------------------------------------------------------------
     0 | D:1      | Krovax444 the Tengu Summoner began the quest for the Orb.
     0 | D:1      | Reached XP level 1. HP: 10/10 MP: 4/4
    57 | D:1      | Reached skill level 5 in Summonings
   353 | D:1      | Reached XP level 2. HP: 12/15 MP: 6/6
   398 | D:1      | Learned a level 2 spell: Call Imp
   848 | D:1      | Reached XP level 3. HP: 20/20 MP: 7/7
  1213 | D:2      | Noticed Ijyb
  1232 | D:2      | Killed Ijyb
  1232 | D:2      | Reached skill level 1 in Fighting
  1262 | D:2      | Found a stormy altar of Qazlal.
  1269 | D:2      | Found a radiant altar of Vehumet.
  1269 | D:2      | Found a basalt altar of Yredelemnul.
  1269 | D:2      | Found a shadowy altar of Dithmenos.
  2057 | D:2      | Noticed Crazy Yiuf
  2082 | D:2      | Killed Crazy Yiuf
  2082 | D:2      | Reached XP level 4. HP: 25/25 MP: 2/8
  2447 | D:3      | Noticed Grinder
  2766 | D:3      | Paralysed by Grinder for 2 turns
  2776 | D:3      | HP: 1/25 [Grinder (2)]
  2776 | D:3      | Slain by Grinder

Skill      XL: |  1  2  3 |
---------------+----------+-----
Summonings     | 5 |  5.2
Fighting       | 1 |  1.6
Dodging        | 3 |  3.5
Polearms       | |  0.9
Stealth        | |  2.4
Spellcasting   | |  2.5

Action                   |  1- 3 |  4- 6 || total
-------------------------+-------+-------++-------
Melee: Spear             |   181 |    51 ||   232
       Unarmed           |     4 |       ||     4
       Peck              |    41 |     6 ||    47
       Kick              |    53 |     8 ||    61
 Cast: Summon Small Mamm |     6 |       ||     6
       Call Imp          |    11 |    11 ||    22
  Use: Scroll            |     1 |     6 ||     7
 Stab: Sleeping          |     8 |     1 ||     9
       Distracted        |     1 |       ||     1
  Eat: Chunk             |     4 |     2 ||     6
       Meat ration       |       |     1 ||     1
Armor: Robe              |     8 |    10 ||    18
Dodge: Dodged            |    33 |    23 ||    56
